 Dungeon Crawl Stone Soup version 0.21.1-1-g345015f (webtiles) character file.

257902 Monsterracer the Lord of Darkness (level 19, -6/148 HPs)
             Began as a Gnoll Venom Mage on Mar 26, 2018.
             Was the Champion of Kikubaaqudgha.
             Mangled by a frost giant
             ... wielding a +0 battleaxe of freezing
              (14 damage)
             ... on level 2 of the Vaults on Apr 8, 2018.
             The game lasted 02:35:59 (45570 turns).

Monsterracer the Lord of Darkness (GnVM)           Turns: 45570, Time: 02:36:00

Health: -6/148     AC: 18    Str: 10      XL:     19   Next: 85%
Magic:  26/36      EV:  2    Int: 36 (38) God:    Kikubaaqudgha [******]
Gold:   1947       SH:  0    Dex: 13      Spells: 6/45 levels left

rFire    + . .     SeeInvis .   a - +9 broad axe (pain)
rCold    + . .     Gourm    .   Y - +0 buckler {rC+ rF+}
rNeg     + + +     Faith    +   A - +1 robe {MR+}
rPois    ∞         Spirit   .   m - +2 hat {Int+3}
rElec    +         Reflect  .   J - +2 cloak
rCorr    .         Harm     .   B - +2 pair of gloves
MR       ++...                  l - +2 pair of boots
Stlth    +++++.....             y - amulet of Xuryi {Faith Str-2 Int+6}
HPRegen  1.34/turn              f - +3 ring of slaying
MPRegen  0.25/turn              G - ring "Sidwunev" {rElec rPois AC+2 Int+4 Dex-2}

@: petrified, marked, regenerating
A: distributed training, fangs 1, strong nose
}: 2/15 runes: decaying, gossamer
a: Receive Corpses, Torment, Renounce Religion


You were on level 2 of the Vaults.
You worshipped Kikubaaqudgha.
Kikubaaqudgha was exalted by your worship.
You were not hungry.

You visited 6 branches of the dungeon, and saw 33 of its levels.
You also visited: Sewer and Volcano.

You collected 2664 gold pieces.
You spent 717 gold pieces at shops.

Inventory:

Hand Weapons
 a - a +9 broad axe of pain (weapon)
 b - a +5 broad axe of electrocution
Missiles
 d - 3 throwing nets (quivered)
Armour
 l - a +2 pair of boots (worn)
 m - a +2 hat of intelligence (worn)
 x - a +0 shield of reflection
 A - a +1 robe of magic resistance (worn)
 B - a +2 pair of gloves (worn)
 J - a +2 cloak (worn)
 Y - a +0 buckler of resistance (worn)
Jewellery
 f - a +3 ring of slaying (left hand)
 j - an uncursed ring of see invisible
 q - an uncursed ring of protection from fire {!d}
 y - the amulet of Xuryi (around neck) {Faith Str-2 Int+6}
   (You found it on level 5 of the Dungeon)

   [amulet of faith]

   It allows you to gain divine favour quickly.
   It affects your strength (-2).
   It affects your intelligence (+6).
 F - an uncursed ring of protection from cold {!d}
 G - the ring "Sidwunev" (right hand) {rElec rPois AC+2 Int+4 Dex-2}
   (You found it on level 2 of the Swamp)

   [ring of protection]

   It affects your AC (+2).
   It affects your intelligence (+4).
   It affects your dexterity (-2).
   It insulates you from electricity.
   It protects you from poison.
 Z - an uncursed ring of resist corrosion {!d}
Wands
 v - a wand of digging (37)
 z - a wand of acid (40)
 K - a wand of paralysis (33)
 O - a wand of polymorph (30)
 X - a wand of clouds (6)
Scrolls
 i - 5 scrolls of magic mapping {!r}
 s - a scroll of fog
 t - 2 scrolls of enchant armour
 w - a scroll of holy word
 I - 3 scrolls of fear {!r}
 L - 14 scrolls of identify
 N - 3 scrolls of blinking
 U - 15 scrolls of teleportation
 W - 11 scrolls of remove curse
Potions
 g - 13 potions of curing
 h - 6 potions of ambrosia {!q}
 k - 5 potions of magic
 n - 7 potions of brilliance
 o - 10 potions of might
 p - 5 potions of agility
 r - a potion of invisibility
 C - 11 potions of heal wounds
 D - 4 potions of flight
 H - 7 potions of berserk rage {!q}
 M - a potion of resistance
 P - 3 potions of cancellation
 R - 2 potions of mutation {!q}
Books
 u - a book of Power

   Spells                             Type                      Level
   a - Iskenderun's Battlesphere      Conjuration/Charms           5
   b - Venom Bolt                     Conjuration/Poison           5
   c - Bolt of Magma                  Conjuration/Fire/Earth       5
   d - Iron Shot                      Conjuration/Earth            6
   e - Orb of Destruction             Conjuration                  7
   f - Spellforged Servitor           Conjuration/Summoning        7
 Q - Kikubaaqudgha's Catalogue of Sinister Magic
   (Kikubaaqudgha gifted it to you on level 1 of the Lair of Beasts)

   Spells                             Type                      Level
   a - Animate Dead                   Necromancy                   4
   b - Excruciating Wounds            Charms/Necromancy            5
   c - Bolt of Draining               Conjuration/Necromancy       5
   d - Dispel Undead                  Necromancy                   5
   e - Death Channel                  Necromancy                   6
Miscellaneous
 e - a phial of floods
 V - a fan of gales
Comestibles
 c - 72 rations
 E - 2 chunks of flesh


   Skills:
 + Level 12.8 Fighting
 + Level 12.8 Short Blades
 + Level 12.8 Long Blades
 + Level 12.8 Axes
 + Level 12.8 Maces & Flails
 + Level 12.8 Polearms
 + Level 12.8 Staves
 + Level 12.8 Slings
 + Level 12.8 Bows
 + Level 12.8 Crossbows
 + Level 12.8 Throwing
 + Level 12.8 Armour
 + Level 13.5 Dodging
 + Level 13.4 Stealth
 + Level 12.8 Shields
 + Level 12.8 Unarmed Combat
 + Level 13.6 Spellcasting
 + Level 11.2 Conjurations
 + Level 11.0 Hexes
 + Level 11.0 Charms
 + Level 11.0 Summonings
 + Level 11.0 Necromancy
 + Level 11.0 Translocations
 + Level 11.0 Transmutations
 + Level 11.0 Fire Magic
 + Level 11.0 Ice Magic
 + Level 11.0 Air Magic
 + Level 11.0 Earth Magic
 + Level 12.1 Poison Magic
 + Level 13.8 Invocations
 + Level 12.8 Evocations


You had 6 spell levels left.
You knew the following spells:

 Your Spells              Type           Power        Failure   Level  Hunger
a - Borgnjor's Vile Clut  Necr/Erth      #######...   1%          5    None
b - Irradiate             Conj/Tmut      #######...   1%          5    None
c - Vampiric Draining     Necr           #######...   1%          3    None
d - Olgreb's Toxic Radia  Pois           #######.     1%          4    None
e - Blink                 Tloc           N/A          1%          2    None
f - Airstrike             Air            #######...   1%          4    None
h - Statue Form           Tmut/Erth      #######..    2%          6    ##.....
j - Regeneration          Chrm/Necr      #######...   1%          3    None
u - Swiftness             Chrm/Air       #######.     1%          2    None
v - Animate Dead          Necr           N/A          1%          4    None
z - Apportation           Tloc           ######       0%          1    None


Dungeon Overview and Level Annotations

Branches:
Dungeon (15/15)            Temple (0/1) D:7            Lair (6/6) D:10
  Swamp (4/4) Lair:2       Spider (4/4) Lair:2        Slime (0/5) Lair:6
    Orc (2/2) D:9             Elf (0/3) Orc:2        Vaults (2/5) D:14
  Crypt (0/3) Vaults:2     Depths (0/5) D:15

Altars:
Elyvilon
Fedhas
Gozag
Hepliaklqana
Kikubaaqudgha
Ru
Trog
Vehumet
Wu Jian
Jiyva

Shops:
D:5 %   D:8 [   Orc:2 **[}   Vaults:1 *


Innate Abilities, Weirdness & Mutations

Your experience applies equally to all skills.
You have very sharp teeth.
Your uncanny sense of smell can sniff out nearby items.


Message History

The glowing orange brain pulsates.
The lich touches you!
You feel drained. The centaur warrior closely misses you.
Your limbs are stiffening.
You take 4 damage, and have 90/148 hp.
You now have 29/36 mp.
Unknown command.
Okay, then.
Casting: Regeneration
Confirm with . or Enter, or press ? or * to list all spells.
Okay, then.
Casting: Regeneration
Confirm with . or Enter, or press ? or * to list all spells.
Aiming: Borgnjor's Vile Clutch
Press: ? - help, Dir - move target cursor, f - lich
Aim: a lich (severely damaged, fast) Decaying hands burst forth from the earth!
Zombie hands grab the lich.
Zombie hands grab the centaur warrior.
Zombie hands grab the ice dragon.
Zombie hands grab the glowing orange brain.
The zombie hands constrict the centaur warrior!
You kill the centaur warrior!
Kikubaaqudgha accepts your kill.
The zombie hands constrict the lich!
You destroy the lich!
Kikubaaqudgha accepts your kill.
You feel your intelligence returning.
Your life force feels restored.
The zombie hands constrict the glowing orange brain!
The zombie hands constrict the ice dragon!
The glowing orange brain pulsates.
Something tries to feed on your intellect!
The harpy closely misses you. The harpy claws you but does no damage.
The ice dragon struggles to escape constriction.
The phantasmal warrior blinks!
The glowing orange brain struggles to escape constriction.
You have turned to stone.
An ironheart preserver comes into view. It is wielding a great mace.
The zombie hands constrict the glowing orange brain!!
The zombie hands constrict the ice dragon!
The harpy claws you but does no damage. x2; The harpy claws you.
The harpy claws you but does no damage.
The ice dragon struggles to escape constriction.
The phantasmal warrior hits you but does no damage.
The harpy claws you. The harpy claws you!
A death knight comes into view. It is wielding a broad axe.
The zombie hands constrict the glowing orange brain!
The zombie hands constrict the ice dragon!
The harpy claws you. The harpy claws you!
The harpy claws you but does no damage. x2
The ice dragon struggles to escape constriction.
The phantasmal warrior hits you.
The vault warden hits you with a dire flail!
* * * LOW HITPOINT WARNING * * *
A vault sentinel comes into view. It is wielding a morningstar.
The zombie hands constrict the glowing orange brain!
The zombie hands constrict the ice dragon!!
The harpy claws you but does no damage. The harpy claws you!
* * * LOW HITPOINT WARNING * * *
The harpy claws you.
* * * LOW HITPOINT WARNING * * *
The harpy claws you but does no damage.
The ice dragon escapes!
The phantasmal warrior hits you!!
* * * LOW HITPOINT WARNING * * *
The harpy claws you!
* * * LOW HITPOINT WARNING * * *
The harpy claws you.
* * * LOW HITPOINT WARNING * * *
The vault warden hits you with a dire flail!
* * * LOW HITPOINT WARNING * * *
The glowing orange brain pulsates.
The zombie hands constrict the glowing orange brain.
You kill the glowing orange brain!
Kikubaaqudgha accepts your kill.
The harpy dissolves into shadows!
The yaktaur captain dissolves into shadows!
The yaktaur dissolves into shadows! x2
The death knight offers itself to Yredelemnul, and fills with unholy energy.
The phantasmal warrior hits you but does no damage.
The vault warden hits you with a dire flail!!
* * * LOW HITPOINT WARNING * * *
The vault sentinel blows a loud note on a signal horn!
A yaktaur captain comes into view.
The ice dragon bites you.
* * * LOW HITPOINT WARNING * * *
The ice dragon claws you but does no damage.
The ice dragon tramples you but does no damage.
The frost giant hits you with a battleaxe of freezing!
* * * LOW HITPOINT WARNING * * *
The frost giant freezes you.
* * * LOW HITPOINT WARNING * * *
The phantasmal warrior hits you!!
* * * LOW HITPOINT WARNING * * *
The runic seal fades away.
The vault warden activates a sealing rune.
The ice dragon bites you!
* * * LOW HITPOINT WARNING * * *
The ice dragon claws you but does no damage.
The ice dragon tramples you but does no damage.
The phantasmal warrior hits you.
The frost giant hits you with a battleaxe of freezing!!
You die...
Kikubaaqudgha rasps: "You have failed me!
Welcome... oblivion!"

##...## ### #....)..# ##...##
##.....## ##...## #.......#
##...# ##?....## ∆∆ ##.## ##.#.##
######'############+#############
......................ch.........
................DW...p...........
..............(.@Cpp.............
.................p...............
..........(...(..................
.....########################'###
.....# #### #.............#
.....# #..# #.............#
.....# #..# #.............#
.....# ##..## #.............#
.....####....####.............#


You could see an ironheart preserver, a frost giant, an ice dragon, a vault
warden, a death knight, a yaktaur captain, a vault sentinel, a phantasmal
warrior and a polar bear.

Vanquished Creatures
  Saint Roka (Orc:2)
  Bai Suzhen (Vaults:2)
  Nikola (Swamp:1)
  A bone dragon (Swamp:4)
  2 liches (Vaults:2)
  Rupert (D:13)
  3 thorn hunters
  Donald (Swamp:3)
  Roxanne (Spider:1)
  A fire giant (D:15)
  4 vault wardens
  Louise (Spider:1)
  Aizul (Spider:1)
  4 emperor scorpions (Spider:4)
  2 ghost moths (Spider:4)
  A frost giant (Vaults:2)
  5 ironheart preservers
  A stone giant (Vaults:2)
  2 entropy weavers
  The ghost of kolakolka the Eclecticist, a journeyman GrEE of Vehumet (Spider:1)
  A deep elf demonologist (Vaults:2)
  A spark wasp (Spider:4)
  2 fire dragons (Vaults:1)
  Josephine (D:14)
  2 great orbs of eyes (Vaults:2)
  An ice dragon (Vaults:1)
  3 yaktaur captains
  Harold (Lair:4)
  11 hydras
  Fannar (Lair:2)
  14 vault guards
  8 centaur warriors
  6 alligators
  A ghost crab (Swamp:4)
  A death knight (D:14)
  14 two-headed ogres
  A deep troll shaman (Vaults:1)
  4 death yaks
  5 orc high priests
  4 tengu warriors
  2 ogre magi
  A deep elf knight (Vaults:2)
  Sonja (Lair:3)
  A hell knight (Volcano)
  Nergalle (Lair:4)
  A shadow wraith (Vaults:2)
  A death drake (Swamp:4)
  9 deep trolls
  2 unseen horrors
  A spriggan druid (Swamp:3)
  A shambling mangrove (Swamp:4)
  4 swamp dragons
  4 spectral hydras (Swamp:4)
  2 glowing orange brains (Vaults:2)
  3 phantasmal warriors (Swamp:4)
  2 lindwurms
  3 ironbrand convokers
  Pikel (D:5)
  4 harpies (Vaults:2)
  A wizard (Vaults:1)
  A harpy (shapeshifter) (Vaults:2)
  A wolf spider zombie (D:15)
  5 orc knights
  7 cyclopes
  4 oklob plants (Lair:5)
  4 deep elf magi
  25 wolf spiders
  19 orb spiders
  4 orc sorcerers
  11 elephants
  18 ugly things
  3 manticores
  5 vault sentinels (Vaults:2)
  A moth of wrath (Spider:4)
  The ghost of Phong the Insei, a novice OpTm of Ru (D:6)
  2 black mambas
  3 torpor snails
  21 spiny frogs
  8 demonic crawlers
  3 rime drakes (Lair:6)
  2 centaur skeletons
  10 komodo dragons
  15 yaktaurs
  5 swamp worm zombies (Swamp:4)
  A kobold demonologist (D:13)
  A freezing wraith (Vaults:1)
  A troll (shapeshifter) (D:15)
  A queen bee (Lair:2)
  7 polar bears
  A polar bear (shapeshifter) (Vaults:2)
  7 trolls
  Grinder (D:5)
  33 jumping spiders
  Prince Ribbit (Lair:2)
  14 hornets
  A hydra zombie (Swamp:4)
  24 slime creatures
  5 tyrant leeches
  An alligator zombie (Swamp:4)
  12 hippogriffs
  8 bog bodies
  11 dream sheep
  2 spectral swamp dragons (Swamp:4)
  18 blink frogs
  45 redbacks
  5 wraiths
  2 spriggans
  37 yaks
  5 wyverns
  3 shadows
  3 basilisks
  12 tarantellas
  8 vampire mosquitoes
  A basilisk (shapeshifter) (Vaults:2)
  2 hungry ghosts
  3 wargs (Orc:1)
  16 swamp worms
  An acid dragon (D:14)
  9 insubstantial wisps
  10 water moccasins
  2 hell hounds (Lair:2)
  15 porcupines
  6 swamp drakes
  5 black bears
  Purgy (D:3)
  4 ice beasts
  6 swamp dragon zombies (Swamp:4)
  3 sky beasts
  3 slaves (D:5)
  30 orc warriors
  A necrophage (D:11)
  6 phantoms
  An eye of draining (shapeshifter) (D:14)
  17 ogres
  9 wolves
  16 centaurs
  10 crocodiles
  7 big kobolds
  17 bullfrogs
  A wyvern zombie (D:11)
  A wyvern skeleton (D:9)
  5 scorpions
  39 killer bees
  3 wights (D:13)
  An orc simulacrum (Vaults:1)
  8 jellies
  2 howler monkeys
  An electric eel (Lair:6)
  A bullfrog zombie (D:11)
  4 crimson imps
  3 centaur zombies
  31 orc priests
  6 hounds
  3 bullfrog skeletons
  A gnoll shaman (D:6)
  Jessica (D:2)
  Ijyb (D:5)
  Terence (D:3)
  5 iguanas
  35 orc wizards
  15 worker ants
  2 hell rats (Lair:6)
  A spectral swamp drake (Swamp:4)
  A bullfrog simulacrum (D:9)
  A hound skeleton (D:2)
  Robin (D:3)
  11 adders
  13 gnolls
  A swamp drake zombie (Swamp:4)
  9 river rats (Lair:6)
  3 shadow imps
  A white imp (D:9)
  A worker ant simulacrum (D:9)
  An ufetubus (D:9)
  An ooze (Lair:6)
  2 adder skeletons
  3 worms
  2 dart slugs
  6 leopard geckos
  79 orcs
  10 bats
  6 giant cockroaches
  21 goblins
  4 hobgoblins
  2 jackals (D:1)
  7 quokkas
  4 ball pythons
  6 frilled lizards
  39 kobolds
  A leopard gecko zombie (D:7)
  A quokka skeleton (D:6)
  11 rats
  4 fungi
  16 plants
1250 creatures vanquished.

Vanquished Creatures (collateral kills)
  The ghost of keltmir the Fighter, an adept GnWn of Okawaru (Swamp:3)
  An emperor scorpion (Spider:4)
  A rakshasa (Vaults:1)
  A vault guard (Vaults:1)
  2 hydras
  An ogre mage (Vaults:2)
  2 two-headed ogres (Vaults:2)
  A centaur warrior (Vaults:1)
  An orb spider (Spider:2)
  4 wolf spiders
  A manticore (D:15)
  2 spiny frogs
  3 demonic crawlers
  2 jumping spiders
  A hornet (Spider:4)
  2 blink frogs (Swamp:3)
  3 slime creatures
  11 redbacks
  7 tarantellas
  An ogre (Vaults:2)
  A centaur (Vaults:1)
  A fungus (Lair:6)
  A plant (Lair:4)
51 creatures vanquished.

Vanquished Creatures (others)
  A spriggan druid (Swamp:2)
  A swamp worm (Swamp:4)
  A swamp drake (Swamp:4)
  An orc wizard (Orc:2)
  6 briar patches
  6 fungi
  35 plants
51 creatures vanquished.

Grand Total: 1352 creatures vanquished

Notes
Turn   | Place    | Note
-------+----------+-------------------------------------------
     0 | D:1      | Monsterracer the Gnoll Venom Mage began the quest for the Orb.
     0 | D:1      | Reached XP level 1. HP: 13/13 MP: 6/6
   322 | D:1      | Reached XP level 2. HP: 19/19 MP: 4/7
   555 | D:1      | Learned a level 2 spell: Poisonous Vapours
  1130 | D:2      | Reached skill level 5 in Spellcasting
  1130 | D:2      | Reached XP level 3. HP: 25/25 MP: 1/9
  1318 | D:2      | Found a bloodstained altar of Trog.
  1371 | D:2      | Reached skill level 1 in Invocations
  1436 | D:2      | Found a blossoming altar of Fedhas.
  1437 | D:2      | Noticed Jessica
  1439 | D:2      | Killed Jessica
  1439 | D:2      | Reached skill level 1 in Fighting
  1439 | D:2      | Reached skill level 1 in Short Blades
  1439 | D:2      | Reached skill level 1 in Long Blades
  1439 | D:2      | Reached skill level 1 in Axes
  1439 | D:2      | Reached skill level 1 in Maces & Flails
  1439 | D:2      | Reached skill level 1 in Polearms
  1439 | D:2      | Reached skill level 1 in Staves
  1439 | D:2      | Reached skill level 1 in Slings
  1439 | D:2      | Reached skill level 1 in Bows
  1439 | D:2      | Reached skill level 1 in Crossbows
  1439 | D:2      | Reached skill level 1 in Throwing
  1439 | D:2      | Reached skill level 1 in Armour
  1439 | D:2      | Reached skill level 1 in Shields
  1439 | D:2      | Reached skill level 1 in Unarmed Combat
  1439 | D:2      | Reached skill level 1 in Evocations
  1439 | D:2      | Reached XP level 4. HP: 32/32 MP: 7/11
  1786 | D:2      | Reached skill level 1 in Hexes
  1786 | D:2      | Reached skill level 1 in Charms
  1786 | D:2      | Reached skill level 1 in Summonings
  1786 | D:2      | Reached skill level 1 in Necromancy
  1786 | D:2      | Reached skill level 1 in Translocations
  1786 | D:2      | Reached skill level 1 in Transmutations
  1786 | D:2      | Reached skill level 1 in Fire Magic
  1786 | D:2      | Reached skill level 1 in Ice Magic
  1786 | D:2      | Reached skill level 1 in Air Magic
  1786 | D:2      | Reached skill level 1 in Earth Magic
  1951 | D:2      | Learned a level 4 spell: Olgreb's Toxic Radiance
  2186 | D:3      | Noticed Purgy
  2283 | D:3      | Reached XP level 5. HP: 37/37 MP: 5/12
  2298 | D:2      | HP: 18/37 [rat (1)]
  2303 | D:2      | HP: 14/37 [poisoned by a gnoll]
  2305 | D:2      | HP: 6/37 [gnoll/flail of venom (7)]
  2529 | D:3      | HP: 18/37 [gnoll/club (2)]
  2535 | D:3      | HP: 13/37 [kobold/stone (2)]
  2833 | D:3      | Noticed Robin
  2833 | D:3      | Noticed Terence
  2843 | D:3      | Killed Terence
  2843 | D:3      | Killed Robin
  2843 | D:3      | Reached XP level 6. HP: 23/44 MP: 1/13
  2847 | D:3      | HP: 22/44 [poisoned by an adder]
  2852 | D:3      | HP: 21/44 [poisoned by an adder]
  2859 | D:3      | HP: 20/44 [poisoned by an adder]
  2867 | D:3      | HP: 19/44 [poisoned by an adder]
  3110 | D:3      | Killed Purgy
  3110 | D:3      | Reached skill level 5 in Dodging
  3506 | D:4      | Found a radiant altar of Vehumet.
  3507 | D:4      | Found a sacrificial altar of Ru.
  3525 | D:4      | Became a worshipper of Ru the Awakened
  3619 | D:4      | Reached XP level 7. HP: 50/50 MP: 2/15
  4655 | D:5      | Entered Level 5 of the Dungeon
  4655 | D:5      | Found Dotall's Food Emporium.
  4706 | D:5      | Found a white marble altar of Elyvilon.
  4877 | D:5      | Found an opulent altar of Gozag.
  4923 | D:5      | Noticed Grinder
  4927 | D:5      | Reached skill level 5 in Stealth
  5043 | D:5      | HP: 24/51 [Grinder/nerve-wracking pain (12)]
  5048 | D:5      | Killed Grinder
  5048 | D:5      | Reached XP level 8. HP: 27/57 MP: 16/16
  5062 | D:5      | HP: 28/57 [bullfrog skeleton (2)]
  5272 | D:5      | Got a bound sapphire amulet
  5273 | D:5      | Identified the amulet of Xuryi {Faith Str-2 Int+6} (You found it on level 5 of the Dungeon)
  5277 | D:5      | Noticed Ijyb
  5277 | D:5      | Noticed Pikel
  5284 | D:5      | HP: 26/57 [acid (16)]
  5294 | D:5      | HP: 13/57 [Pikel/wand of acid (6) (15)]
  5294 | D:5      | HP: 3/57 [acid (10)]
  5588 | D:5      | Killed Ijyb
  5589 | D:5      | HP: 18/58 [Pikel/whip of electrocution (17)]
  5590 | D:5      | Killed Pikel
  6131 | D:5      | Fell from the grace of Ru
  6262 | D:6      | Found a glowing drain.
  6302 | Sewer    | Entered a sewer
  6426 | Sewer    | Reached XP level 9. HP: 61/65 MP: 18/18
  6725 | D:6      | Noticed Phong's ghost (novice OpTm)
  6739 | D:6      | HP: 27/65 [bullfrog (7)]
  6741 | D:6      | Killed Phong's ghost
  6744 | D:6      | HP: 15/65 [bullfrog (4)]
  7847 | D:6      | Reached skill level 5 in Invocations
  8049 | D:7      | HP: 33/66 [ogre/giant club (13)]
  8050 | D:7      | Reached XP level 10. HP: 36/73 MP: 20/20
  8619 | D:7      | Found an ancient bone altar of Kikubaaqudgha.
  8632 | D:7      | Reached skill level 5 in Fighting
  8632 | D:7      | Reached skill level 5 in Short Blades
  8632 | D:7      | Reached skill level 5 in Long Blades
  8632 | D:7      | Reached skill level 5 in Axes
  8632 | D:7      | Reached skill level 5 in Maces & Flails
  8632 | D:7      | Reached skill level 5 in Polearms
  8632 | D:7      | Reached skill level 5 in Staves
  8632 | D:7      | Reached skill level 5 in Slings
  8632 | D:7      | Reached skill level 5 in Bows
  8632 | D:7      | Reached skill level 5 in Crossbows
  8632 | D:7      | Reached skill level 5 in Throwing
  8632 | D:7      | Reached skill level 5 in Armour
  8632 | D:7      | Reached skill level 5 in Shields
  8632 | D:7      | Reached skill level 5 in Unarmed Combat
  8632 | D:7      | Reached skill level 5 in Evocations
  8775 | D:7      | Became a worshipper of Kikubaaqudgha
  8888 | D:7      | Found an ancient bone altar of Kikubaaqudgha.
  8910 | D:7      | Found a staircase to the Ecumenical Temple.
  9044 | D:7      | Found a bloodstained altar of Trog.
  9141 | D:8      | Noticed a two-headed ogre
  9152 | D:8      | Killed a two-headed ogre
  9263 | D:8      | Learned a level 1 spell: Apportation
  9680 | D:8      | Reached skill level 5 in Conjurations
  9867 | D:8      | Found Vame's Antique Armour Emporium.
 10129 | D:9      | Reached * piety under Kikubaaqudgha
 10129 | D:9      | Identified Kikubaaqudgha's Reference Book on Dark Arts (Kikubaaqudgha gifted it to you on level 9 of the Dungeon)
 10129 | D:9      | Received a gift from Kikubaaqudgha
 10134 | D:9      | Learned a level 2 spell: Sublimation of Blood
 10138 | D:9      | Learned a level 3 spell: Vampiric Draining
 10500 | D:9      | Found a staircase to the Orcish Mines.
 10508 | D:9      | Noticed a centaur warrior
 10509 | D:9      | Reached XP level 11. HP: 57/81 MP: 22/22
 10510 | D:9      | HP: 36/81 [centaur warrior/arrow (16)]
 10516 | D:9      | HP: 34/81 [poisoned by a killer bee]
 10523 | D:8      | HP: 34/81 [poisoned by a killer bee]
 10731 | D:9      | HP: 40/81 [centaur warrior/arrow (16)]
 10737 | D:9      | HP: 26/81 [centaur warrior/uncursed mace (5)]
 10740 | D:9      | Killed a centaur warrior
 11304 | D:9      | Reached ** piety under Kikubaaqudgha
 11460 | D:9      | Noticed a two-headed ogre
 11467 | D:9      | HP: 35/81 [two-headed ogre/giant spiked club (13)]
 11467 | D:9      | HP: 13/81 [two-headed ogre/giant spiked club (22)]
 11486 | D:9      | Killed a two-headed ogre
 11486 | D:9      | Reached skill level 5 in Hexes
 11486 | D:9      | Reached skill level 5 in Charms
 11486 | D:9      | Reached skill level 5 in Summonings
 11486 | D:9      | Reached skill level 5 in Necromancy
 11486 | D:9      | Reached skill level 5 in Translocations
 11486 | D:9      | Reached skill level 5 in Transmutations
 11486 | D:9      | Reached skill level 5 in Fire Magic
 11486 | D:9      | Reached skill level 5 in Ice Magic
 11486 | D:9      | Reached skill level 5 in Air Magic
 11486 | D:9      | Reached skill level 5 in Earth Magic
 11837 | D:9      | Found an ornate altar of the Wu Jian Council.
 11884 | D:10     | Entered Level 10 of the Dungeon
 12200 | D:10     | HP: 34/81 [crocodile (13)]
 12279 | D:10     | Found a staircase to the Lair.
 12687 | D:10     | Got an ancient war axe
 12804 | D:10     | Identified the cursed +0 war axe "Rameahi" {freeze, rPois MR- Dex+3 SInv} (You found it on level 10 of the Dungeon)
 12842 | Lair:1   | Entered Level 1 of the Lair of Beasts
 12924 | Lair:1   | HP: 34/82 [spiny frog (10)]
 13156 | Lair:1   | Got a translucent bardiche
 13658 | Lair:1   | Reached XP level 12. HP: 88/89 MP: 24/24
 13821 | Lair:1   | Reached *** piety under Kikubaaqudgha
 13821 | Lair:1   | Identified Kikubaaqudgha's Catalogue of Sinister Magic (Kikubaaqudgha gifted it to you on level 1 of the Lair of Beasts)
 13821 | Lair:1   | Received a gift from Kikubaaqudgha
 13829 | Lair:1   | HP: 41/89 [yak (12)]
 13845 | Lair:1   | Learned a level 3 spell: Regeneration
 13851 | Lair:1   | Learned a level 5 spell: Borgnjor's Vile Clutch
 13860 | Lair:1   | Learned a level 4 spell: Animate Dead
 14851 | Lair:2   | Found a dark tunnel.
 14996 | Volcano  | Entered a volcano
 15016 | Volcano  | Noticed a centaur warrior
 15019 | Volcano  | Found a burning altar of Makhleb.
 15020 | Volcano  | Noticed a hell knight
 15032 | Volcano  | Killed a centaur warrior
 15034 | Volcano  | HP: 36/91 [hell knight/scimitar of flaming (16)]
 15036 | Volcano  | Killed a hell knight
 15039 | Volcano  | HP: 38/91 [yaktaur (3)]
 15393 | Lair:2   | HP: 43/91 [elephant (11)]
 15398 | Lair:2   | HP: 29/91 [elephant (10)]
 15399 | Lair:2   | Noticed Fannar
 15409 | Lair:2   | Killed Fannar
 15450 | Lair:2   | HP: 42/91 [elephant (14)]
 15657 | Lair:2   | HP: 43/91 [jumping spider (16)]
 15662 | Lair:2   | HP: 28/91 [poisoned by a redback]
 15929 | Lair:2   | Found a staircase to the Swamp.
 15953 | Lair:2   | Found a hole to the Spider Nest.
 16150 | Lair:2   | Reached XP level 13. HP: 87/98 MP: 26/26
 16213 | Lair:2   | Reached **** piety under Kikubaaqudgha
 16588 | Lair:2   | Noticed Prince Ribbit
 16598 | Lair:2   | Killed Prince Ribbit
 16955 | Lair:3   | Noticed Sonja
 16964 | Lair:3   | Reached ***** piety under Kikubaaqudgha
 16967 | Lair:3   | Killed Sonja
 17115 | Lair:3   | Found a hazy altar of Hepliaklqana.
 17439 | Lair:3   | HP: 49/98 [poisoned by a spiny frog]
 17445 | Lair:3   | HP: 46/98 [poisoned by a spiny frog]
 17451 | Lair:3   | HP: 45/98 [poisoned by a spiny frog]
 17457 | Lair:3   | HP: 44/98 [poisoned by a spiny frog]
 17465 | Lair:3   | HP: 44/98 [poisoned by a spiny frog]
 17756 | Lair:3   | Got a bloodstained leather armour
 17767 | Lair:3   | Identified the +3 leather armour "Mihaol" {rPois} (You found it on level 3 of the Lair of Beasts)
 18201 | Lair:4   | Noticed Harold
 18206 | Lair:4   | Noticed Nergalle
 18209 | Lair:4   | Killed Harold
 18211 | Lair:4   | Killed Nergalle
 19343 | Lair:5   | Reached skill level 10 in Spellcasting
 19564 | Lair:4   | Reached XP level 14. HP: 106/106 MP: 19/28
 19753 | Lair:5   | Got a translucent emerald amulet
 19754 | Lair:5   | Identified the amulet "Paehug" {Spirit Dex+2 Stlth+} (You found it on level 5 of the Lair of Beasts)
 19869 | Lair:5   | Reached skill level 10 in Dodging
 19961 | Lair:5   | HP: 46/106 [acid (10)]
 20165 | Lair:5   | Found a runed door.
 20652 | Lair:5   | Learned a level 2 spell: Swiftness
 20868 | Lair:5   | HP: 48/108 [six-headed hydra (10)]
 21253 | Lair:6   | Entered Level 6 of the Lair of Beasts
 21265 | Lair:6   | Reached ****** piety under Kikubaaqudgha
 21269 | Lair:6   | Identified a +5 broad axe of pain (a +3 broad axe of flaming bloodied by Kikubaaqudgha)
 21269 | Lair:6   | Received a gift from Kikubaaqudgha
 21269 | Lair:6   | HP: 48/108 [??? (46)]
 21279 | Lair:6   | Learned a level 5 spell: Irradiate
 21519 | Lair:6   | Reached skill level 10 in Stealth
 21778 | Lair:6   | Found a runed door.
 21778 | Lair:6   | Found a viscous altar of Jiyva.
 21781 | Lair:6   | Found a staircase to the Slime Pits.
 22109 | Lair:6   | Reached skill level 10 in Invocations
 22114 | Lair:6   | HP: 53/108 [wolf (10)]
 23207 | Orc:1    | Entered Level 1 of the Orcish Mines
 23359 | Orc:2    | Entered Level 2 of the Orcish Mines
 23489 | Orc:2    | Found a staircase to the Elven Halls.
 23776 | Orc:1    | Reached XP level 15. HP: 114/114 MP: 18/29
 24156 | Orc:2    | Noticed Saint Roka
 24172 | Orc:2    | Paralysed by an orc sorcerer for 2 turns
 24187 | Orc:2    | Killed Saint Roka
 24419 | Orc:2    | Found Elah Aqa's Armour Boutique.
 24419 | Orc:2    | Found Utamoik's Assorted Antiques.
 24425 | Orc:2    | Found Wyr Ruig's General Store.
 24450 | Orc:2    | Found Ihop's Gadget Boutique.
 24568 | Orc:2    | Bought 2 potions of heal wounds for 120 gold pieces
 24568 | Orc:2    | Bought a scroll of teleportation for 36 gold pieces
 24568 | Orc:2    | Bought a potion of mutation for 96 gold pieces
 24569 | Orc:2    | Bought a scroll of teleportation for 90 gold pieces
 24569 | Orc:2    | Bought a dented jasper amulet for 150 gold pieces
 25024 | Orc:2    | Bought a scroll of enchant armour for 225 gold pieces
 25112 | D:11     | Got a tattered robe
 25206 | D:11     | HP: 9/115 [titanic slime creature (106)]
 25228 | D:11     | HP: 57/115 [slime creature (2)]
 25248 | D:11     | Identified the cursed +0 robe of the Catfish {rC+} (You found it on level 11 of the Dungeon)
 25365 | D:11     | Learned a level 4 spell: Airstrike
 25528 | D:11     | Reached skill level 10 in Poison Magic
 25536 | D:11     | Learned a level 2 spell: Blink
 27009 | D:13     | Reached skill level 10 in Fighting
 27009 | D:13     | Reached skill level 10 in Short Blades
 27009 | D:13     | Reached skill level 10 in Long Blades
 27009 | D:13     | Reached skill level 10 in Axes
 27009 | D:13     | Reached skill level 10 in Maces & Flails
 27009 | D:13     | Reached skill level 10 in Polearms
 27009 | D:13     | Reached skill level 10 in Staves
 27009 | D:13     | Reached skill level 10 in Slings
 27009 | D:13     | Reached skill level 10 in Bows
 27009 | D:13     | Reached skill level 10 in Crossbows
 27009 | D:13     | Reached skill level 10 in Throwing
 27009 | D:13     | Reached skill level 10 in Armour
 27009 | D:13     | Reached skill level 10 in Shields
 27009 | D:13     | Reached skill level 10 in Unarmed Combat
 27009 | D:13     | Reached skill level 10 in Evocations
 27033 | D:13     | Noticed Rupert
 27043 | D:13     | Killed Rupert
 27953 | D:14     | Noticed Josephine
 27960 | D:14     | Killed Josephine
 28304 | D:14     | HP: 51/115 [very large slime creature (55)]
 28442 | D:14     | Found a gate to the Vaults.
 28487 | D:14     | Reached XP level 16. HP: 95/122 MP: 28/31
 28834 | D:14     | HP: 57/123 [cyclops/large rock (23)]
 28836 | D:14     | HP: 26/123 [cyclops (18)]
 28838 | D:14     | HP: 9/123 [tengu warrior/enchanted great mace (22)]
 29791 | D:14     | Identified the Catalogue of Virous Enchantment
 29981 | D:15     | Entered Level 15 of the Dungeon
 30436 | D:15     | HP: 56/123 [harpy (shapeshifter) (11)]
 30593 | D:15     | Found an opulent altar of Gozag.
 30626 | D:15     | Found a sacrificial altar of Ru.
 30859 | D:15     | Found a staircase to the Depths.
 31660 | Swamp:1  | Entered Level 1 of the Swamp
 32255 | Swamp:1  | Noticed Nikola
 32295 | Swamp:1  | Killed Nikola
 33217 | Swamp:2  | Got an iridescent battleaxe
 33218 | Swamp:2  | Identified the +1 battleaxe of Due Proportion {flame, +Inv rC+ Dex+2} (You found it on level 2 of the Swamp)
 33320 | Swamp:2  | Found a transporter.
 33543 | Swamp:2  | Found a transporter.
 33756 | Swamp:2  | Got a sparkling granite ring
 33757 | Swamp:2  | Identified the ring "Sidwunev" {rElec rPois AC+2 Int+4 Dex-2} (You found it on level 2 of the Swamp)
 33762 | Swamp:2  | Got a translucent bone ring
 33763 | Swamp:2  | Identified the ring "Roexysh" {rPois rF+ rC- MP+9 Str+2} (You found it on level 2 of the Swamp)
 33781 | Swamp:2  | Got a fine wooden ring
 33782 | Swamp:2  | Identified the ring of Bujys {Str+2 Stlth-} (You found it on level 2 of the Swamp)
 34030 | Swamp:3  | Noticed a thorn hunter
 34048 | Swamp:3  | Killed a thorn hunter
 34158 | Swamp:3  | Noticed keltmir's ghost (adept GnWn)
 34186 | Swamp:3  | HP: 62/125 [keltmir's ghost (8)]
 34188 | Swamp:3  | Killed keltmir's ghost
 34660 | Swamp:3  | Noticed a thorn hunter
 34671 | Swamp:3  | Killed a thorn hunter
 34671 | Swamp:3  | Reached XP level 17. HP: 67/131 MP: 20/33
 34703 | Swamp:3  | HP: 59/131 [tyrant leech (22)]
 35178 | Swamp:3  | Noticed Donald
 35186 | Swamp:3  | Killed Donald
 35459 | Swamp:4  | Entered Level 4 of the Swamp
 35895 | Swamp:4  | Paralysed by a hornet for 2 turns
 35899 | Swamp:4  | HP: 59/131 [thorn hunter/volley of thorns (24)]
 36550 | Swamp:4  | HP: 64/130 [slime creature (2)]
 36552 | Swamp:4  | HP: 29/130 [slime creature (21)]
 36560 | Swamp:4  | HP: 35/130 [poisoned by a death drake (dark miasma)]
 36932 | Swamp:4  | HP: 61/129 [spectral seven-headed hydra (5)]
 37026 | Swamp:4  | Noticed a bone dragon
 37042 | Swamp:4  | HP: 61/129 [bone dragon (17)]
 37045 | Swamp:4  | Killed a bone dragon
 37182 | Swamp:4  | HP: 44/128 [phantasmal warrior (29)]
 37191 | Swamp:4  | HP: 45/128 [insubstantial wisp/static electricity (2)]
 37508 | Swamp:4  | Got a decaying rune of Zot
 37662 | Spider:1 | Entered Level 1 of the Spider Nest
 37677 | Spider:1 | Noticed Aizul
 37683 | Spider:1 | Reached skill level 10 in Conjurations
 37695 | Spider:1 | Killed Aizul
 37834 | Spider:1 | Noticed Roxanne
 37847 | Spider:1 | Killed Roxanne
 37859 | Spider:1 | Learned a level 6 spell: Statue Form
 38483 | Spider:1 | Noticed kolakolka's ghost (journeyman GrEE)
 38507 | Spider:1 | Killed kolakolka's ghost
 38535 | Spider:1 | Noticed Louise
 38547 | Spider:1 | Killed Louise
 38981 | Spider:2 | HP: 56/132 [wolf spider (18)]
 38986 | Spider:2 | HP: 39/132 [jumping spider (13)]
 39004 | Spider:2 | HP: 41/132 [jumping spider (9)]
 39183 | Spider:2 | Reached skill level 10 in Hexes
 39183 | Spider:2 | Reached skill level 10 in Charms
 39183 | Spider:2 | Reached skill level 10 in Summonings
 39183 | Spider:2 | Reached skill level 10 in Necromancy
 39183 | Spider:2 | Reached skill level 10 in Translocations
 39183 | Spider:2 | Reached skill level 10 in Transmutations
 39183 | Spider:2 | Reached skill level 10 in Fire Magic
 39183 | Spider:2 | Reached skill level 10 in Ice Magic
 39183 | Spider:2 | Reached skill level 10 in Air Magic
 39183 | Spider:2 | Reached skill level 10 in Earth Magic
 39349 | Spider:2 | Reached XP level 18. HP: 120/139 MP: 34/34
 40144 | Spider:3 | HP: 63/140 [wolf spider (21)]
 40150 | Spider:3 | HP: 53/140 [poisoned by a redback]
 40834 | Spider:4 | Entered Level 4 of the Spider Nest
 41001 | Spider:4 | Found a frozen archway.
 41356 | Spider:4 | HP: 90/182 [demonic crawler (8)]
 41363 | Spider:4 | HP: 65/182 [demonic crawler (8)]
 41955 | Spider:4 | Got a gossamer rune of Zot
 42404 | Vaults:1 | Entered Level 1 of the Vaults
 42447 | Vaults:1 | HP: 66/140 [orc priest/divine providence[an orc knight] (17)]
 43291 | Vaults:1 | HP: 56/140 [vault guard/halberd[a vault warden] (19)]
 43298 | Vaults:1 | HP: 21/140 [slime creature (20)]
 43417 | Vaults:1 | HP: 89/183 [white ugly thing (13)]
 43420 | Vaults:1 | Reached XP level 19. HP: 68/147 MP: 16/36
 44045 | Vaults:1 | Found Ilagoyc's General Store.
 44183 | Vaults:2 | Noticed a lich
 44189 | Vaults:2 | Killed a lich
 44224 | Vaults:2 | Noticed Bai Suzhen
 44232 | Vaults:2 | HP: 73/147 [five-headed hydra[Bai Suzhen] (7)]
 44234 | Vaults:2 | Killed Bai Suzhen
 44407 | Vaults:2 | HP: 71/147 [something (8)]
 44700 | Vaults:2 | HP: 95/192 [yaktaur captain/bolt (34)]
 44705 | Vaults:2 | HP: 63/192 [yaktaur captain/bolt (9)]
 44713 | Vaults:2 | HP: 64/192 [two-headed ogre/giant club (16)]
 44728 | Vaults:2 | HP: 59/192 [deep elf knight/shard of ice[an ironheart preserver] (17)]
 44733 | Vaults:1 | HP: 62/192 [ironheart preserver/dire flail of draining (7)]
 44868 | Vaults:2 | Noticed an Ice Fiend
 45290 | Vaults:2 | Found a staircase to the Crypt.
 45555 | Vaults:2 | Noticed a lich
 45564 | Vaults:2 | Killed a lich
 45566 | Vaults:2 | HP: 74/148 [vault warden/dire flail (5)]
 45568 | Vaults:2 | HP: 28/148 [vault warden/dire flail (17)]
 45569 | Vaults:2 | HP: 11/148 [phantasmal warrior (11)]
 45570 | Vaults:2 | Mangled by a frost giant

Skill      XL: |  1  2  3  4  5  6  7  8  9 10 11 12 13 14 15 16 17 18 19 |
---------------+----------------------------------------------------------+-----
Conjurations   | 2 3 4 5 6 7 8 9 10 11 | 11.2
Spellcasting   | 5 6 7 8 9 10 11 12 13 | 13.6
Invocations    | 1 2 3 4 5 6 7 8 9 10 11 12 13 | 13.8
Fighting       | 1 2 3 4 5 6 7 8 9 10 11 12 | 12.8
Short Blades   | 1 2 3 4 5 6 7 8 9 10 11 12 | 12.8
Long Blades    | 1 2 3 4 5 6 7 8 9 10 11 12 | 12.8
Axes           | 1 2 3 4 5 6 7 8 9 10 11 12 | 12.8
Maces & Flails | 1 2 3 4 5 6 7 8 9 10 11 12 | 12.8
Polearms       | 1 2 3 4 5 6 7 8 9 10 11 12 | 12.8
Staves         | 1 2 3 4 5 6 7 8 9 10 11 12 | 12.8
Slings         | 1 2 3 4 5 6 7 8 9 10 11 12 | 12.8
Bows           | 1 2 3 4 5 6 7 8 9 10 11 12 | 12.8
Crossbows      | 1 2 3 4 5 6 7 8 9 10 11 12 | 12.8
Throwing       | 1 2 3 4 5 6 7 8 9 10 11 12 | 12.8
Armour         | 1 2 3 4 5 6 7 8 9 10 11 12 | 12.8
Shields        | 1 2 3 4 5 6 7 8 9 10 11 12 | 12.8
Unarmed Combat | 1 2 3 4 5 6 7 8 9 10 11 12 | 12.8
Evocations     | 1 2 3 4 5 6 7 8 9 10 11 12 | 12.8
Hexes          | 1 2 3 4 5 6 7 8 9 10 11 | 11.0
Charms         | 1 2 3 4 5 6 7 8 9 10 11 | 11.0
Summonings     | 1 2 3 4 5 6 7 8 9 10 11 | 11.0
Necromancy     | 1 2 3 4 5 6 7 8 9 10 11 | 11.0
Translocations | 1 2 3 4 5 6 7 8 9 10 11 | 11.0
Transmutations | 1 2 3 4 5 6 7 8 9 10 11 | 11.0
Fire Magic     | 1 2 3 4 5 6 7 8 9 10 11 | 11.0
Ice Magic      | 1 2 3 4 5 6 7 8 9 10 11 | 11.0
Air Magic      | 1 2 3 4 5 6 7 8 9 10 11 | 11.0
Earth Magic    | 1 2 3 4 5 6 7 8 9 10 11 | 11.0
Dodging        | 5 6 7 8 9 10 11 12 13 | 13.5
Stealth        | 5 6 7 8 9 10 11 12 13 | 13.4
Poison Magic   | 6 7 8 9 10 11 12 | 12.1

Action                   |  1- 3 |  4- 6 |  7- 9 | 10-12 | 13-15 | 16-18 | 19-21 || total
-------------------------+-------+-------+-------+-------+-------+-------+-------++-------
Melee: Dagger            |    11 |    13 |       |       |       |       |       ||    24
       Punch             |       |     2 |       |       |       |       |       ||     2
       Bite              |       |     3 |    14 |    45 |    85 |    86 |    15 ||   248
       Flail             |       |    35 |   135 |    73 |       |       |       ||   243
       Morningstar       |       |       |    72 |   160 |       |       |       ||   232
       Unarmed           |       |       |     1 |       |       |     2 |       ||     3
       Staff             |       |       |       |   159 |   173 |     7 |       ||   339
       War axe           |       |       |       |     8 |       |       |       ||     8
       Broad axe         |       |       |       |    29 |   574 |   943 |   165 ||  1711
 Cast: Sting             |    32 |    26 |       |       |       |       |       ||    58
       Poisonous Vapours |    13 |    28 |    10 |    20 |       |       |       ||    71
       Olgreb's Toxic Ra |       |     5 |    20 |    50 |    60 |    42 |     4 ||   181
       Vampiric Draining |       |       |       |    19 |     6 |     9 |       ||    34
       Borgnjor's Vile C |       |       |       |    10 |    83 |    91 |    22 ||   206
       Regeneration      |       |       |       |    10 |    33 |    92 |    14 ||   149
       Animate Dead      |       |       |       |     1 |     5 |    18 |     5 ||    29
       Apportation       |       |       |       |       |     1 |     1 |       ||     2
       Irradiate         |       |       |       |       |     1 |    11 |       ||    12
       Blink             |       |       |       |       |     1 |     1 |       ||     2
       Airstrike         |       |       |       |       |       |    20 |     3 ||    23
       Statue Form       |       |       |       |       |       |     3 |     1 ||     4
       Swiftness         |       |       |       |       |       |     1 |       ||     1
Invok: Renounce Religion |       |       |     1 |       |       |       |       ||     1
       Brand Weapon With |       |       |       |       |     1 |       |       ||     1
       Receive Corpses   |       |       |       |       |     1 |     1 |       ||     2
Evoke: Wand              |       |       |     1 |       |       |       |       ||     1
  Use: Potion            |       |     1 |     1 |     1 |       |     2 |       ||     5
       Scroll            |       |     7 |    12 |     8 |    14 |    19 |     3 ||    63
 Stab: Sleeping          |     1 |     3 |    14 |    12 |    22 |    15 |     2 ||    69
       Distracted        |       |       |       |       |     1 |     9 |     2 ||    12
  Eat: Chunk             |     2 |     7 |    12 |    20 |    45 |    38 |     9 ||   133
       Ration            |       |       |     1 |     2 |     2 |     6 |       ||    11
Armor: Robe              |     2 |    11 |    29 |       |    93 |   335 |    54 ||   524
       Leather armour    |       |       |    12 |   167 |    30 |       |       ||   209
       Skin              |       |       |       |       |     1 |   118 |    19 ||   138
       Swamp dragon scal |       |       |       |       |       |    20 |       ||    20
Dodge: Dodged            |    20 |    70 |   166 |   411 |   692 |  1036 |   160 ||  2555
Block: Buckler           |       |       |    53 |   170 |   226 |   166 |    75 ||   690
       Shield            |       |       |       |       |       |   458 |       ||   458
       Reflection        |       |       |       |       |       |     1 |       ||     1

Vault maps used:
D:1:      minmay_arrival_split_and_join
D:2:      old_standard_altar, trog_book, uniq_jessica
D:3:      uniq_terence, uniq_robin, uniq_purgy
D:4:      chequers_temple_overflow_statue_of_worship
D:5:      minitemple, first_ration, serial_shops, nicolae_shop_stone,
          kennysheep_generic_room_11, uniq_ijyb, uniq_pikel, uniq_grinder
D:6:      cheibrodos_sewer_entry_drain
D:7:      lemuel_doored_altar, kiku_gazebo_pond_becter,
          minmay_temple_entry_poolview, basic_altar, grunt_ogre_cave,
          minmay_misc_feat_nine_boxes
D:8:      serial_shops, kennysheep_little_box
D:9:      kennysheep_mini_moat, orc_0_dummy, serial_ice, serial_ice_g,
          serial_ice_o, serial_ice_m, serial_ice_n, serial_bayou_pond_e
D:10:     minmay_lair_entry_grove
D:12:     minmay_statues_item, serial_bayou_crossing
D:13:     uniq_rupert
D:14:     erik_vaults_2, uniq_josephine
D:15:     grunt_enter_depths_giant_problem, hangedman_ru_absence,
          abandoned_shop, grunt_gozag_breadcrumbs
Lair:1:   beast_lair_carwin_large_2, cheibrodos_lair_caveside_slide
Lair:2:   swamp_mist, nicolae_spider_entry_tight_spaces, enter_volcano_3,
          infiniplex_staircase_pool_2, uniq_fannar, uniq_prince_ribbit2
Lair:3:   basic_altar, minmay_stone_trees_small, infiniplex_staircase_pool,
          serial_bayou_shore_b, uniq_sonja
Lair:4:   uniq_nergalle, uniq_harold
Lair:5:   minmay_lair_oklob_tunnel, pf_torpor_hydra
Lair:6:   hangedman_lair_in_review, slime_altar_2, small_statue_intersection,
          nicolae_quartered_pool_little, kennysheep_rathole, lemuel_fruit_tree,
          serial_bayou_shore_b, serial_bayou_shore_b, serial_bayou_shore_b
Swamp:1:  evilmike_swamp_ruin_rubble_1, uniq_nikola
Swamp:2:  gammafunk_its_a_trap, serial_swamp_ruin, evilmike_swamp_ruin_rubble_2,
          hangedman_swamp_ruin_hall, evilmike_swamp_ruin_house_1
Swamp:3:  evilmike_swamp_ruin_house_4, nicolae_swamp_treefoil, swamp_pool3,
          uniq_donald
Swamp:4:  swamp_pestilence
Spider:1: uniq_aizul, uniq_roxanne, uniq_louise
Spider:2: nicolae_orb_stairs_large, nicolae_spider_cling_ruins
Spider:3: nicolae_spider_cling_halls
Spider:4: guppyfry_spider_rune, portal_ice_cave_entry_pillars_three
Orc:2:    st_orc_mages, uniq_saint_roka
Vaults:1: nicolae_vaults_holding_cells, ontoclasm_vaults_misaligned,
          ontoclasm_vaults_ring_small, vaults_mumra_hexcomb, grunt_vaults_focal,
          nicolae_vaults_little_squares_2, nicolae_vaults_circle_grid_b,
          serial_ice_h, vaults_room_large_hall, grunt_vaults_hallway_short,
          dpeg_vaults_monster_box, v_misc_15, hangedman_vaults_hat,
          nicolae_vaults_network_square, serial_shops, shop_fountains
Vaults:2: nicolae_vaults_alarming, ontoclasm_vaults_loading_screen,
          vaults_dpeg_cross, st_eye, ontoclasm_vaults_ring_square, v_misc_13,
          v_pattern_4, v_misc_1, hangedman_vaults_pinch, vaults_room_grid,
          nicolae_vaults_sealed_display, nicolae_vaults_rhombus_6,
          uniq_bai_suzhen
Sewer:    kennysheep_pipe_town
Volcano:  kennysheep_volcano_temple
